Map: Odyssey LE

Players

Snute - Winner!

  • Race: Zerg Zerg
  • Spawn Location: 11:00

Botvinnik

  • Race: Terran Terran
  • Spawn Location: 5:00

Event: WCS Valencia 2017

VOD

Have the link to the VOD?

Description

Time

  • Played on: July 13, 2017, 11:24 a.m.
  • Length: 15:13

All games in this series

Show
View Real Time Build Order
Export as new Build Order

Snute Zerg - Winner!

Build Orders: Pool First, Muta Ling Bane 

Get SALT Encoding   

  12  0:00  Drone  
  13  0:12  Overlord  
  13  0:16  Drone  
  14  0:30  Drone x2  
  14  0:34  Drone  
  17  0:43  Spawning Pool  
  17  0:48  Drone  
  17  1:08  Hatchery  
  17  1:10  Drone  
  17  1:14  Drone  
  17  1:16  Extractor  
  17  1:18  Drone  
  18  1:29  Queen  
  18  1:32  Zergling x2  
  21  1:38  Overlord  
  21  1:49  Drone  
  22  2:00  Drone  
  23  2:05  Queen  
  25  2:11  Drone  
  26  2:17  Metabolic Boost  
  26  2:20  Queen  
  26  2:21  Drone  
  29  2:24  Drone  
  30  2:30  Drone  
  30  2:32  Drone  
  31  2:37  Drone x3  
  31  2:41  Overlord  
  34  2:45  Drone  
  35  2:55  Drone  
  36  3:01  Hatchery  
  36  3:03  Drone x2  
  37  3:07  Overlord  
  37  3:10  Drone  
  38  3:13  Drone  
  38  3:14  Drone  
  38  3:16  Zergling x2  
  38  3:19  Overlord  
  41  3:25  Queen  
  43  3:30  Queen  
  43  3:32  Drone  
  46  3:35  Overlord  
  46  3:40  Zergling x2  
  46  3:41  Zergling x2  
  48  3:50  Drone  
  48  3:51  Drone x4  
  50  4:00  Drone x3  
  50  4:02  Evolution Chamber x2  
  51  4:04  Drone  
  52  4:10  Drone  
  52  4:12  Queen  
  52  4:13  Queen  
  57  4:21  Drone x3  
  59  4:25  Zergling x4  
  59  4:29  Spore Crawler  
  59  4:31  Spore Crawler x2  
  59  4:34  Zerg Ground Armor Level 1  
  59  4:37  Zerg Melee Weapons Level 1  
  57  4:39  Zergling x4  
  57  4:42  Zergling x2  
  57  4:43  Zergling x2  
  57  4:44  Drone  
  63  4:45  Drone  
  63  4:54  Baneling Nest  
  63  4:57  Drone x6  
  68  5:02  Drone  
  68  5:03  Drone x4  
  71  5:07  Spore Crawler  
  71  5:14  Drone x4  
  71  5:15  Drone  
  71  5:20  Lair  
  74  5:23  Extractor  
  67  5:29  Drone x8  
  67  5:33  Drone x2  
  73  5:36  Overlord  
  73  5:40  Extractor x2, Overlord  
  73  5:41  Drone x2  
  73  5:53  Overlord  
  72  5:58  Drone x5  
  72  5:59  Hatchery, Drone  
  72  6:03  Drone  
  77  6:06  Drone  
  77  6:07  Drone  
  77  6:08  Drone  
  77  6:09  Drone  
  77  6:10  Drone x3  
  85  6:11  Drone  
  85  6:12  Drone  
  85  6:16  Extractor  
  85  6:17  Extractor  
  85  6:18  Drone x4  
  88  6:29  Zerg Ground Armor Level 2, Hatchery  
  87  6:33  Zerg Melee Weapons Level 2  
  87  6:35  Drone x2  
  87  6:37  Drone  
  90  6:41  Overlord  
  90  6:43  Centrifical Hooks  
  90  6:51  Overlord x2  
  90  7:00  Spire  
  88  7:09  Spore Crawler, Overlord x2  
  88  7:10  Zergling x20  
  97  7:22  Zergling x20  
  107  7:31  Baneling x7  
  107  7:37  Zergling x20  
  116  7:50  Drone x4  
  117  7:53  Pneumatized Carapace  
  117  7:54  Overseer x2  
  117  8:00  Overseer  
  117  8:12  Infestation Pit, Drone x5  
  121  8:13  Mutalisk, Zerg Flyer Weapons Level 1  
  121  8:14  Mutalisk x5  
  133  8:22  Zergling x16  
  141  8:28  Overlord x2  
  141  8:31  Baneling  
  141  8:32  Baneling x12  
  141  8:41  Overlord x2  
  138  8:48  Hatchery  
  138  8:50  Hive  
  135  8:58  Zergling x8  
  135  8:59  Zergling x36  
  133  9:16  Mutalisk x6  
  140  9:17  Zergling x2  
  140  9:18  Zergling x10  
  146  9:24  Mutalisk  
  146  9:29  Overlord  
  148  9:35  Zergling x16  
  148  9:38  Mutalisk x2  
  146  9:52  Drone  
  146  9:53  Drone x2  
  146  9:54  Extractor  
  146  9:59  Zergling x22  
  153  10:02  Zerg Ground Armor Level 3  
  153  10:06  Ultralisk Cavern  
  152  10:09  Zergling x10  
  152  10:10  Zergling x10  
  162  10:21  Zerg Melee Weapons Level 3  
  160  10:25  Overlord x2  
  160  10:26  Zergling x14  
  160  10:27  Zergling x12  
  160  10:28  Baneling x6  
  173  10:29  Baneling  
  164  10:42  Zergling x6  
  145  10:43  Zergling x24  
  145  10:46  Overseer  
  145  10:47  Baneling x4  
  145  10:48  Baneling x7  
  145  10:49  Zergling x8  
  165  10:50  Zergling x10  
  165  10:53  Zergling x4  
  168  11:00  Chitinous Plating  
  158  11:16  Zergling x36  
  152  11:20  Baneling x5  
  152  11:21  Baneling x6  
  152  11:22  Zergling x8  
  152  11:23  Zergling x8  
  155  11:33  Zergling x2  
  155  11:34  Zergling x26  
  169  11:46  Ultralisk x3  
  187  12:02  Ultralisk  
  187  12:08  Hatchery  
  191  12:12  Overlord  
  191  12:21  Zerg Flyer Weapons Level 2  
  185  12:24  Ultralisk  
  185  12:26  Baneling x4  
  185  12:29  Overlord  
  191  12:35  Baneling x4  
  191  12:36  Baneling x2  
  190  12:38  Zergling x18  
  199  13:01  Overseer x2  
  194  13:23  Ultralisk x2  
  174  13:38  Mutalisk  
  174  13:39  Mutalisk x4  
  168  13:44  Zergling x2  
  168  13:45  Zergling x32  
  176  13:49  Drone x9  
  176  13:50  Drone x5  
  176  13:51  Drone x3  
  176  13:54  Ultralisk  
  195  13:56  Zergling x2  
  195  13:57  Zergling x6  
  186  14:20  Ultralisk  
  170  14:47  Zergling x26  
  170  14:48  Zergling x6  
Show
View Real Time Build Order
Export as new Build Order

Botvinnik Terran 

Build Orders: Reaper Expand, Hellion Banshee, MMM Bio 

Get SALT Encoding   

  12  0:00  SCV  
  13  0:12  SCV  
  14  0:17  Supply Depot  
  14  0:24  SCV  
  15  0:29  Refinery  
  15  0:38  SCV  
  16  0:45  Barracks  
  16  0:51  SCV  
  17  1:03  SCV  
  18  1:15  SCV  
  19  1:32  Orbital Command, Reaper  
  20  1:43  Command Center  
  20  1:52  Factory  
  20  1:58  SCV  
  21  2:03  Supply Depot  
  21  2:10  Barracks Reactor  
  21  2:11  SCV  
  21  2:15  Refinery  
  22  2:23  SCV  
  23  2:45  Starport  
  23  2:49  SCV  
  24  2:57  Orbital Command  
  24  2:58  Hellion x2  
  28  2:59  Barracks Tech Lab  
  28  3:02  SCV  
  29  3:19  Hellion x2  
  33  3:21  Supply Depot  
  33  3:26  SCV x2  
  35  3:30  Barracks Tech Lab  
  35  3:33  Cloaking Field  
  35  3:37  Banshee  
  35  3:38  SCV  
  35  3:39  SCV  
  40  3:45  Hellion x2  
  39  3:56  SCV  
  39  3:57  SCV  
  39  3:59  Supply Depot  
  39  4:00  Stimpack  
  41  4:13  Command Center  
  41  4:14  SCV x2  
  42  4:26  SCV x2  
  44  4:34  Banshee  
  44  4:38  SCV x2  
  49  4:39  Supply Depot  
  49  4:43  Factory Reactor  
  49  4:47  Barracks  
  49  4:50  SCV x2  
  49  4:51  Supply Depot  
  51  4:53  Barracks  
  51  5:02  SCV x2  
  51  5:03  Marine  
  54  5:10  Engineering Bay, Refinery  
  54  5:11  Engineering Bay  
  54  5:12  Refinery  
  54  5:14  SCV  
  54  5:20  SCV  
  56  5:22  Marine  
  56  5:26  SCV  
  58  5:30  Starport Reactor  
  58  5:33  SCV  
  58  5:34  Orbital Command  
  58  5:35  Marine x2  
  53  5:43  Factory Reactor  
  53  5:45  Barracks  
  53  5:46  Terran Infantry Weapons Level 1  
  53  5:49  Terran Infantry Armor Level 1, Barracks  
  53  5:53  SCV  
  53  5:54  SCV  
  54  6:04  Marine x5  
  55  6:08  Orbital Command, SCV  
  55  6:09  SCV  
  61  6:11  Medivac  
  61  6:12  Medivac  
  61  6:17  Supply Depot  
  65  6:21  Armory  
  66  6:25  SCV x2  
  66  6:26  Marine x2  
  66  6:27  Marine x3  
  66  6:30  Combat Shields  
  72  6:37  SCV  
  72  6:39  Barracks Reactor  
  73  6:42  SCV x2  
  73  6:43  Barracks Reactor  
  75  6:48  Marine x4  
  75  6:49  Marine  
  75  6:51  Widow Mine x2  
  84  6:55  SCV x3  
  84  7:00  Bunker  
  84  7:01  Supply Depot  
  87  7:04  Supply Depot  
  87  7:06  Marine  
  87  7:07  SCV x3  
  91  7:15  Marine x3  
  91  7:16  Marine x3  
  91  7:19  SCV x3  
  100  7:24  Supply Depot  
  100  7:25  Widow Mine x2, Supply Depot  
  100  7:26  Medivac  
  106  7:30  Medivac  
  106  7:31  SCV x3  
  106  7:33  Marine x2  
  106  7:36  Marine x3  
  106  7:37  Marine  
  111  7:51  Marine x4  
  111  7:52  Terran Infantry Armor Level 2, Marine, Terran Infantry Weapons Level 2  
  116  7:59  Barracks x2  
  116  8:02  Barracks  
  116  8:03  Marine  
  116  8:04  Marine x3  
  120  8:09  Marine x2, Widow Mine  
  120  8:10  Medivac x2, Widow Mine  
  130  8:21  Marine x3  
  133  8:29  Marine, Supply Depot x2  
  133  8:30  Marine x4, Supply Depot  
  133  8:31  Marauder  
  140  8:46  Widow Mine x2  
  141  8:52  Marauder, Marine x2  
  95  9:11  Marine  
  95  9:12  Marauder, Marine x6  
  95  9:13  Marauder, Marine, Barracks Tech Lab x2  
  102  9:20  Command Center  
  102  9:25  Missile Turret  
  102  9:29  Marine x2  
  102  9:30  Marine x2  
  106  9:32  Marauder, Marine x2  
  106  9:33  Marauder x2, Marine x2  
  106  9:35  Marauder  
  106  9:37  Medivac x2, Widow Mine x2  
  125  9:47  Marine x3  
  125  9:48  Marine  
  125  9:50  Marine x2  
  130  9:56  Marauder, Marine x2  
  130  9:57  Marauder x3  
  139  10:01  Command Center  
  139  10:03  Missile Turret  
  139  10:05  Marine x4, Widow Mine  
  139  10:06  Widow Mine  
  86  10:07  Medivac x2  
  147  10:08  Marine  
  147  10:09  Concussive Shells  
  152  10:18  Marauder  
  152  10:19  Marauder x2, Marine x3  
  163  10:24  Unknown x5  
  163  10:28  Marine x2  
  163  10:30  Marine, Terran Infantry Weapons Level 3  
  161  10:42  Marine x3  
  141  10:46  Marauder x4, Marine x2  
  141  10:47  Marine x3  
  141  10:49  Unknown  
  154  10:57  Terran Infantry Armor Level 3  
  154  10:59  Marine x2  
  154  11:00  Widow Mine  
  154  11:01  Widow Mine  
  154  11:02  Marine  
  154  11:04  Marine  
  162  11:07  Marauder  
  162  11:09  Marauder  
  156  11:16  Marauder x2, Marine x2  
  141  11:20  Marine x3  
  141  11:23  Marine  
  145  11:28  Marauder  
  145  11:29  Widow Mine  
  145  11:31  Marauder  
  145  11:32  Medivac  
  153  11:34  Medivac  
  153  11:38  Marauder  
  157  11:40  Marauder, Marine x3  
  157  11:41  Marine x3  
  157  11:42  Marine  
  165  11:53  Widow Mine  
  165  11:55  Marauder x2, Marine  
  165  11:58  Marine x3  
  175  12:02  Supply Depot  
  173  12:09  Medivac x2  
  173  12:11  Marauder  
  173  12:14  Planetary Fortress  
  179  12:17  Missile Turret  
  179  12:20  Unknown  
  179  12:21  Marauder, Unknown  
  179  12:34  Marauder x3  
  179  12:35  Marine x3  
  188  12:41  Supply Depot  
  188  13:02  Marauder, Marine x4  
  188  13:03  Marauder x2  
  196  13:10  Marine  
  196  13:11  Marine x2  
  196  13:12  Marauder, Marine, Medivac  
  196  13:13  Medivac  
  167  13:31  Liberator x2  
  124  13:47  Marine x2  
  124  13:48  Marauder x2, Marine x5  
  117  13:49  Marauder x2  
  117  13:50  Marine  
  95  14:01  Widow Mine  
  95  14:02  Widow Mine  
  99  14:04  Marine  
  99  14:05  Marine x2  
  99  14:06  Marine x4  
  99  14:08  Marine  
  111  14:10  Marauder x4  
  112  14:22  Marine  
  112  14:23  Marine x4  
  111  14:29  Marine x3  
  111  14:31  Marauder x3, Medivac  
  111  14:32  Marauder  
  111  14:37  Medivac  
Tags
 
Add a new tag
Caveats
  • Supply blocks, unpowered buildings, or Contaminate may cause inaccurate times.
  • Supply counts are checked every 10 seconds.